[Event "ICC tourney 2248 (120 10)"]
[Site "Internet Chess Club"]
[Date "2020.12.29"]
[Round "7"]
[White "Han366"]
[Black "fireheart"]
[Result "1-0"]
[ICCResult "Black checkmated"]
[WhiteElo "1700"]
[BlackElo "1620"]
[Opening "Modern defense: Averbakh system"]
[ECO "A40"]
[NIC "KF.02"]
[Time "12:06:19"]
[PlyCount "139"]
[TimeControl "7200+10"]

1. d4 g6 2. c4 Bg7 3. Nc3 d6 4. e4 Nd7 5. Be3 e5 6. d5 Ne7 7. Bd3 O-O 8. f3
f5 9. exf5 gxf5 10. Nge2 Ng6 11. Qd2 Rf7 12. O-O-O Nc5 13. Bc2 a6 14. Kb1
Qe8 15. h4 f4 16. Bxc5 dxc5 17. h5 Ne7 18. Ne4 Nf5 19. Rdg1 Qe7 20. g3 fxg3
21. N4xg3 Kh8 22. h6 Bf8 23. Ne4 Bd7 24. N2g3 Nxh6 25. Rxh6 Bxh6 26. Qxh6
Rg8 27. Qe3 b6 28. Rh1 Rgg7 29. Rh5 Rf4 30. Qc3 Qf8 31. Qxe5 Rxf3 32. b3
Kg8 33. Rg5 Rxg5 34. Qxg5+ Qg7 35. Qh4 Rf8 36. Bd3 Bg4 37. Ng5 h6 38. Qxg4
Qxg5 39. Qe6+ Kh8 40. Nf5 h5 41. Qe5+ Qf6 42. Qxc7 h4 43. Qh2 Rf7 44. Qb8+
Rf8 45. Qh2 Rf7 46. a4 Kg8 47. Kc2 Rh7 48. Be4 Rh5 49. Qb8+ Qf8 50. Qxb6
Kh8 51. Qg6 Rh7 52. Nd6 Qf2+ 53. Kd3 Qf1+ 54. Ke3 Qe1+ 55. Kf4 Qf2+ 56. Ke5
Qd4+ 57. Ke6 Qg7 58. Qe8+ Qg8+ 59. Qxg8+ Kxg8 60. Bxh7+ Kxh7 61. Ne4 h3 62.
Nf2 h2 63. d6 Kg6 64. d7 Kg5 65. d8=Q+ Kf4 66. Qh4+ Kf3 67. Qxh2 a5 68. Nd3
Ke4 69. Nxc5+ Kd4 70. Qe5# { Black checkmated } 1-0

[Event "ICC tourney 2248 (120 10)"]
[Site "Internet Chess Club"]
[Date "2020.12.29"]
[Round "7"]
[White "vober6"]
[Black "Cambod1"]
[Result "1-0"]
[ICCResult "Black resigns"]
[WhiteElo "1876"]
[BlackElo "1739"]
[Opening "Caro-Kann: exchange variation"]
[ECO "B13"]
[NIC "CK.02"]
[Time "12:05:50"]
[PlyCount "155"]
[TimeControl "7200+10"]

1. e4 c6 2. d4 d5 3. exd5 cxd5 4. Bd3 Nc6 5. c3 Qc7 6. Ne2 Bg4 7. f3 Bd7 8.
O-O e5 9. Na3 a6 10. Nc2 Bd6 11. h3 Nge7 12. Ne3 h5 13. Bc2 exd4 14. Nxd4
Bc5 15. Kh1 Bxd4 16. cxd4 g5 17. Bd2 g4 18. fxg4 hxg4 19. Nxg4 O-O-O 20.
Bf4 Qb6 21. Ne5 Be6 22. Ba4 Rdg8 23. Rf2 Rh4 24. Rc1 Kd8 25. Nxc6+ Nxc6 26.
Bxc6 bxc6 27. Be5 Re4 28. Rfc2 Bd7 29. Qf3 Ke8 30. Qf6 Rg6 31. Qh8+ Ke7 32.
Rf2 Be8 33. Rcf1 c5 34. Bg7 cxd4 35. Rxf7+ Bxf7 36. Qf8+ Kd7 37. Rxf7+ Kc6
38. Qc8+ Kb5 39. Rb7 Rxg7 40. Rxb6+ Kxb6 41. Qd8+ Kc5 42. Qa5+ Kd6 43.
Qxa6+ Ke5 44. Qh6 Rf7 45. Qg5+ Rf5 46. Qg3+ Ke6 47. Qg8+ Rf7 48. Qc8+ Kd6
49. b4 Rf2 50. Qc5+ Ke5 51. Qe7+ Kf4 52. Qf6+ Ke3 53. Qg5+ Ke2 54. Qxd5
Ref4 55. Qe6+ Kf1 56. Qc4+ Ke1 57. b5 Rd2 58. b6 Rff2 59. Qc1+ Rd1 60. Qc6
d3 61. b7 Rb1 62. Qe4+ Kd2+ 63. Kh2 Rf7 64. a4 Rbxb7 65. a5 Rbe7 66. Qc4
Ke3 67. Qc5+ Ke2 68. Qc4 Ke3 69. Qc5+ Ke2 70. Qc4 Rd7 71. a6 Rfe7 72. h4
Ke1 73. a7 Re8 74. a8=Q Rxa8 75. Qe4+ Kf2 76. Qxa8 Rd4 77. Qf3+ Ke1 78.
Qe3+ { Black resigns } 1-0

[Event "ICC tourney 2248 (120 10)"]
[Site "Internet Chess Club"]
[Date "2020.12.29"]
[Round "7"]
[White "kittycat35"]
[Black "atevifred"]
[Result "1/2-1/2"]
[ICCResult "Game drawn by mutual agreement"]
[WhiteElo "1724"]
[BlackElo "1846"]
[Opening "Caro-Kann: classical, 7...Nd7"]
[ECO "B19"]
[NIC "CK.11"]
[Time "12:06:17"]
[PlyCount "135"]
[TimeControl "7200+10"]

1. e4 c6 2. d4 d5 3. Nc3 dxe4 4. Nxe4 Bf5 5. Ng3 Bg6 6. h4 h6 7. Nf3 Nd7 8.
Bc4 e6 9. c3 Qc7 10. h5 Bh7 11. Bd3 Bxd3 12. Qxd3 Ngf6 13. Ne4 Be7 14. a3
c5 15. Be3 Ng4 16. Rd1 Nxe3 17. Qxe3 O-O 18. g4 f5 19. Ned2 e5 20. Nxe5
cxd4 21. cxd4 Nxe5 22. dxe5 fxg4 23. O-O Bg5 24. Qe2 Rf4 25. Rc1 Qe7 26.
Rc4 Raf8 27. Rxf4 Rxf4 28. Rc1 Bh4 29. Rc8+ Rf8 30. Qxg4 Bxf2+ 31. Kg2 Bb6
32. Rxf8+ Kxf8 33. Qf5+ Qf7 34. Qc8+ Qe8 35. Qxe8+ Kxe8 36. Nf3 Ke7 37. Kg3
Be3 38. Ne1 Ke6 39. Kf3 Bd4 40. Nd3 Bxe5 41. Ke4 Bd6 42. Nf2 Be7 43. Ng4
Bf6 44. b3 Bb2 45. a4 Bc3 46. Nf2 b6 47. Nd3 Kf6 48. Kf4 Bd2+ 49. Kg4 a5
50. Nb2 Bc3 51. Nc4 Bd4 52. Kf4 g6 53. Kg4 g5 54. Nd6 Ke6 55. Nf5 Kd5 56.
Nxh6 Kc5 57. Kxg5 Kb4 58. Nf5 Be5 59. h6 Bh8 60. Kg6 Kxb3 61. Ng7 Kxa4 62.
Kh7 b5 63. Kxh8 b4 64. Kg8 b3 65. h7 b2 66. h8=Q b1=Q 67. Qh4+ Qb4 68. Qd8
{ Game drawn by mutual agreement } 1/2-1/2

[Event "ICC tourney 2248 (120 10)"]
[Site "Internet Chess Club"]
[Date "2020.12.29"]
[Round "8"]
[White "minitotoro"]
[Black "nboad"]
[Result "1-0"]
[ICCResult "Black checkmated"]
[WhiteElo "1563"]
[BlackElo "1872"]
[Opening "Modern defense"]
[ECO "A40"]
[NIC "QO.17"]
[Time "17:29:31"]
[PlyCount "33"]
[TimeControl "7200+10"]

1. d4 g6 2. Nf3 Bg7 3. e4 c5 4. c3 cxd4 5. cxd4 d5 6. e5 Nc6 7. Nc3 Bg4 8.
Bb5 Bxf3 9. Qxf3 e6 10. O-O Ne7 11. Bg5 O-O 12. Bxc6 bxc6 13. Na4 Rb8 14.
b3 f6 15. exf6 Nc8 16. fxg7 Qxg5 17. gxf8=Q# { Black checkmated } 1-0

[Event "ICC tourney 2248 (120 10)"]
[Site "Internet Chess Club"]
[Date "2020.12.29"]
[Round "8"]
[White "fireheart"]
[Black "JaredMWeiss"]
[Result "1-0"]
[ICCResult "Black resigns"]
[WhiteElo "1620"]
[BlackElo "1670"]
[Opening "Sicilian: Nimzovich-Rossolimo attack (without ...d6)"]
[ECO "B30"]
[NIC "SI.31"]
[Time "17:29:20"]
[PlyCount "35"]
[TimeControl "7200+10"]

1. e4 c5 2. Nf3 Nc6 3. Bb5 Nf6 4. e5 Nd5 5. O-O e6 6. c3 Be7 7. Re1 O-O 8.
d4 a6 9. Ba4 b5 10. Bc2 Qb6 11. Qd3 g6 12. Bh6 Rd8 13. Nbd2 f5 14. exf6
Bxf6 15. Ne4 c4 16. Nxf6+ Nxf6 17. Qd2 Ne7 18. Qg5 { Black resigns } 1-0

[Event "ICC tourney 2248 (120 10)"]
[Site "Internet Chess Club"]
[Date "2020.12.29"]
[Round "8"]
[White "BillietheKid"]
[Black "Coolbull"]
[Result "0-1"]
[ICCResult "White resigns"]
[WhiteElo "1451"]
[BlackElo "1743"]
[Opening "Ruy Lopez: Anderssen variation"]
[ECO "C77"]
[NIC "RL.12"]
[Time "17:30:02"]
[PlyCount "46"]
[TimeControl "7200+10"]

1. e4 e5 2. Nf3 Nc6 3. Bb5 a6 4. Ba4 Nf6 5. d3 b5 6. Bb3 Be7 7. c3 O-O 8.
O-O d6 9. Bg5 Na5 10. Bc2 c5 11. b3 Nc6 12. Nbd2 d5 13. exd5 Nxd5 14. Bxe7
Qxe7 15. Ne4 f5 16. c4 fxe4 17. dxe4 Ndb4 18. Bb1 Bg4 19. cxb5 axb5 20. a3
Bxf3 21. gxf3 Nd4 22. axb4 Rxa1 23. bxc5 Nxf3+ { White resigns } 0-1

[Event "ICC tourney 2248 (120 10)"]
[Site "Internet Chess Club"]
[Date "2020.12.29"]
[Round "8"]
[White "playerlucky"]
[Black "avats"]
[Result "1-0"]
[ICCResult "Black resigns"]
[WhiteElo "1802"]
[BlackElo "1589"]
[Opening "Queen's bishop game"]
[ECO "D02"]
[NIC "QP.06"]
[Time "17:29:16"]
[PlyCount "57"]
[TimeControl "7200+10"]

1. d4 Nf6 2. Nf3 d5 3. Bf4 Bf5 4. e3 e6 5. a3 c6 6. c4 Bd6 7. Bg3 O-O 8.
Qb3 Qc7 9. Nc3 dxc4 10. Bxc4 Nbd7 11. O-O Bxg3 12. hxg3 Nb6 13. Be2 Rfd8
14. Rac1 Qe7 15. Nh4 Bg4 16. Bf3 Bxf3 17. Nxf3 Rac8 18. Qa2 c5 19. dxc5
Rxc5 20. b4 Rc7 21. Nb5 Rxc1 22. Rxc1 a6 23. Nbd4 Rc8 24. Rxc8+ Nxc8 25.
Qc4 Nb6 26. Qc2 Qd8 27. Nb3 Qc8 28. Qc5 h6 29. Qxb6 { Black resigns } 1-0

[Event "ICC tourney 2248 (120 10)"]
[Site "Internet Chess Club"]
[Date "2020.12.29"]
[Round "8"]
[White "prabp"]
[Black "Legolas08"]
[Result "1-0"]
[ICCResult "Black checkmated"]
[WhiteElo "1582"]
[BlackElo "1807"]
[Opening "Queen's pawn: London system"]
[ECO "A45"]
[NIC "QP.07"]
[Time "17:29:19"]
[PlyCount "135"]
[TimeControl "7200+10"]

1. d4 Nf6 2. Bf4 d5 3. e3 Bf5 4. c4 c6 5. Nc3 e6 6. Qb3 Qb6 7. Nf3 Nbd7 8.
c5 Qxb3 9. axb3 Nh5 10. Bc7 Rc8 11. Be5 a6 12. Be2 Nxe5 13. Nxe5 Nf6 14. b4
Nd7 15. Nxd7 Kxd7 16. O-O Be7 17. f3 Bg5 18. e4 dxe4 19. fxe4 Bg6 20. d5
Bf6 21. Bf3 Bd4+ 22. Kh1 Bxc3 23. bxc3 Rhd8 24. Rad1 Ke8 25. Rfe1 h5 26. g4
hxg4 27. Bxg4 Rc7 28. dxe6 Rxd1 29. exf7+ Rxf7 30. Rxd1 Bxe4+ 31. Kg1 Bd5
32. Bh5 Kf8 33. Bxf7 Kxf7 34. Kf2 Kf6 35. Rg1 g5 36. Ke3 Kf5 37. Rg3 Be4
38. h3 Bd5 39. Rg4 Bh1 40. Rd4 Bg2 41. h4 gxh4 42. Rxh4 Bd5 43. Rh7 Bc4 44.
Rxb7 Bb5 45. Kd4 Ke6 46. Rb6 Kd7 47. c4 Ba4 48. Rxa6 Bd1 49. b5 cxb5 50.
cxb5 Be2 51. Ra7+ Kc8 52. b6 Bf3 53. Ke5 Kb8 54. Kd6 Bb7 55. Rxb7+ Kxb7 56.
c6+ Kxb6 57. c7 Kb7 58. Kd7 Kb6 59. c8=Q Kb5 60. Kd6 Kb4 61. Kd5 Kb3 62.
Kd4 Kb4 63. Qc4+ Ka5 64. Qb3 Ka6 65. Kc5 Ka7 66. Kc6 Ka8 67. Kc7 Ka7 68.
Qa2# { Black checkmated } 1-0

[Event "ICC tourney 2248 (120 10)"]
[Site "Internet Chess Club"]
[Date "2020.12.29"]
[Round "8"]
[White "MathMonkey"]
[Black "muzikmixer"]
[Result "1-0"]
[ICCResult "Black resigns"]
[WhiteElo "1187"]
[BlackElo "1633"]
[Opening "Pirc: Ufimtsev-Pytel variation"]
[ECO "B07"]
[NIC "PU.08"]
[Time "17:29:17"]
[PlyCount "109"]
[TimeControl "7200+10"]

1. e4 d6 2. d4 Nf6 3. Nc3 c6 4. Nf3 Bg4 5. Be2 e6 6. Bg5 Be7 7. O-O Bxf3 8.
Bxf3 d5 9. e5 Nfd7 10. Bxe7 Qxe7 11. a4 O-O 12. Rb1 Qb4 13. Qe1 Qxd4 14.
Rd1 Qxe5 15. Qxe5 Nxe5 16. b3 Nxf3+ 17. gxf3 Na6 18. Kh1 Nb4 19. Rd2 a5 20.
Rg1 Rab8 21. f4 f6 22. f3 f5 23. Rdg2 Rf7 24. h4 d4 25. Nd1 Rd8 26. Nb2 b5
27. Re1 Re7 28. Re5 Rd5 29. Rge2 Rxe5 30. Rxe5 Nxc2 31. axb5 cxb5 32. Rxb5
Nb4 33. Rxa5 Rb7 34. Nc4 Nd5 35. Ra8+ Kf7 36. Nd6+ Kg6 37. Nxb7 d3 38. Ra2
Nxf4 39. Nc5 Kf6 40. Rd2 Ke7 41. Nxd3 Nd5 42. Rb2 Kd6 43. b4 Nb6 44. b5 e5
45. Kg2 Kd5 46. Rb4 g6 47. Kf2 h6 48. Ke3 g5 49. hxg5 hxg5 50. Kd2 e4 51.
fxe4+ fxe4 52. Nf2 e3+ 53. Kxe3 Kc5 54. Nd3+ Kd5 55. Rg4 { Black resigns }
1-0

[Event "ICC tourney 2248 (120 10)"]
[Site "Internet Chess Club"]
[Date "2020.12.29"]
[Round "8"]
[White "ab4gm"]
[Black "salamenceg"]
[Result "1-0"]
[ICCResult "Black checkmated"]
[WhiteElo "1047"]
[BlackElo "1080"]
[Opening "Giuoco Piano"]
[ECO "C50"]
[NIC "IG.02"]
[Time "17:29:47"]
[PlyCount "185"]
[TimeControl "7200+10"]

1. e4 e5 2. Nf3 Nc6 3. Bc4 Bc5 4. O-O Nf6 5. Nc3 d6 6. d3 Bg4 7. h3 Bh5 8.
Be3 Bd4 9. Rb1 h6 10. Nd5 O-O 11. c3 Nxd5 12. exd5 Bxe3 13. fxe3 Ne7 14.
Qe1 f5 15. Qh4 Bxf3 16. Rxf3 Kh8 17. Rg3 Ng8 18. Qxd8 Raxd8 19. Rf1 Ne7 20.
Rgf3 Rf6 21. d4 e4 22. Rg3 Rdf8 23. Bb3 Rg6 24. Rxg6 Nxg6 25. Ba4 f4 26.
exf4 Rxf4 27. Rxf4 Nxf4 28. Kf2 Nd3+ 29. Ke3 Nxb2 30. Bb3 a5 31. Kxe4 a4
32. Bc2 Nc4 33. Bxa4 Nb6 34. Bb3 Kg8 35. Kf5 Kf7 36. g4 Nd7 37. h4 Nf6 38.
g5 hxg5 39. hxg5 g6+ 40. Kf4 Nh7 41. Ba4 Nf8 42. Bb5 Nh7 43. Bd7 b6 44. a4
Ke7 45. Bb5 Nf8 46. c4 Nd7 47. Bxd7 Kxd7 48. Ke4 Kc8 49. c5 Kb7 50. cxd6
cxd6 51. Kd3 Ka6 52. Kc4 Ka5 53. Kb3 Ka6 54. Kb4 Ka7 55. Kb5 Kb7 56. a5
bxa5 57. Kxa5 Kc7 58. Kb5 Kb7 59. Kc4 Ka6 60. Kb4 Kb6 61. Ka4 Ka6 62. Kb3
Kb5 63. Kc3 Kb6 64. Kd3 Kb5 65. Ke4 Kc4 66. Ke3 Kxd5 67. Kd3 Ke6 68. Kc4
Kf5 69. Kd5 Kxg5 70. Kxd6 Kf6 71. d5 g5 72. Kc7 Kf5 73. d6 g4 74. d7 g3 75.
d8=Q Kf4 76. Qf6+ Kg4 77. Qg6+ Kh3 78. Qd3 Kh2 79. Qh7+ Kg1 80. Kd6 g2 81.
Ke5 Kf2 82. Qc2+ Kf1 83. Qd1+ Kf2 84. Qd2+ Kf1 85. Qd1+ Kf2 86. Qc2+ Kf1
87. Qf5+ Ke2 88. Qg4+ Kf1 89. Qf3+ Kg1 90. Kf4 Kh2 91. Qh5+ Kg1 92. Kg3 Kf1
93. Qd1# { Black checkmated } 1-0

[Event "ICC tourney 2248 (120 10)"]
[Site "Internet Chess Club"]
[Date "2020.12.29"]
[Round "8"]
[White "joeandjoe56"]
[Black "Elias1302"]
[Result "1-0"]
[ICCResult "Black resigns"]
[WhiteElo "1744"]
[BlackElo "1609"]
[Opening "French: Fort Knox variation"]
[ECO "C03"]
[NIC "FR.07"]
[Time "17:29:16"]
[PlyCount "107"]
[TimeControl "7200+10"]

1. e4 e6 2. d4 d5 3. Nd2 dxe4 4. Nxe4 Bd7 5. Nf3 Bc6 6. Bd3 Be7 7. O-O Nf6
8. Nxf6+ Bxf6 9. c3 O-O 10. Re1 Re8 11. Bc2 Nd7 12. Qd3 g6 13. Bh6 e5 14.
d5 Nc5 15. Qe3 Qxd5 16. Red1 Qc4 17. b3 Qb5 18. a4 Qb6 19. a5 Qb5 20. b4
Nd7 21. Bd3 Qd5 22. Bf5 Qc4 23. Bxd7 Bxd7 24. Rxd7 e4 25. Ng5 Qc6 26. Rad1
Rad8 27. Rxd8 Rxd8 28. Rxd8+ Bxd8 29. Nxe4 Qd5 30. Qd4 Qxd4 31. cxd4 f5 32.
Bg5 Bxg5 33. Nxg5 Kg7 34. Ne6+ Kf6 35. Nxc7 Ke7 36. Kf1 Kd6 37. Nb5+ Kd5
38. Ke2 a6 39. Nc7+ Kxd4 40. b5 axb5 41. Nxb5+ Kc5 42. Nc3 Kb4 43. Kd2 Kxa5
44. h4 b5 45. Kc2 Kb4 46. Nd5+ Kc4 47. Nf6 h6 48. Ng8 h5 49. Ne7 b4 50.
Nxg6 b3+ 51. Kb2 Kd3 52. Nf4+ Ke4 53. Nxh5 Kd3 54. Nf4+ { Black resigns }
1-0

[Event "ICC tourney 2248 (120 10)"]
[Site "Internet Chess Club"]
[Date "2020.12.29"]
[Round "8"]
[White "rcww2020"]
[Black "FantasyHockeyEx"]
[Result "0-1"]
[ICCResult "White resigns"]
[WhiteElo "1640"]
[BlackElo "1794"]
[Opening "Old Benoni: Franco-Benoni defense"]
[ECO "B21"]
[NIC "SI.48"]
[Time "17:29:36"]
[PlyCount "42"]
[TimeControl "7200+10"]

1. e4 c5 2. d4 e6 3. d5 exd5 4. exd5 d6 5. Nf3 Nf6 6. c4 Be7 7. Bd3 O-O 8.
O-O Bg4 9. Nbd2 Na6 10. a3 Nc7 11. Qc2 h6 12. b3 a6 13. Bb2 b5 14. h3 Bxf3
15. Nxf3 Nh5 16. Qd2 Bf6 17. Bxf6 Qxf6 18. a4 b4 19. Nh2 Nf4 20. Bc2 Qg5
21. Bh7+ Kh8 { White resigns } 0-1

[Event "ICC tourney 2248 (120 10)"]
[Site "Internet Chess Club"]
[Date "2020.12.29"]
[Round "8"]
[White "sushivishwa"]
[Black "Nacaroa-Dan"]
[Result "0-1"]
[ICCResult "White checkmated"]
[WhiteElo "1755"]
[BlackElo "1640"]
[Opening "Scandinavian (center counter) defense"]
[ECO "B01"]
[NIC "VO.17"]
[Time "17:30:02"]
[PlyCount "70"]
[TimeControl "7200+10"]

1. e4 d5 2. Nc3 dxe4 3. Nxe4 Bf5 4. Ng3 Bg6 5. Bc4 e6 6. Nf3 Nf6 7. d3 Nbd7
8. Qe2 Be7 9. Bd2 c6 10. Bc3 Nb6 11. Bb3 Nbd5 12. Be5 a5 13. a4 O-O 14. Nh4
Nd7 15. Nxg6 hxg6 16. Bd4 Bf6 17. Bxf6 Qxf6 18. c3 Nf4 19. Qf1 Qe5+ 20. Kd2
Nc5 21. Bc2 Qd5 22. d4 Nb3+ 23. Bxb3 Qxb3 24. Kc1 b5 25. Ra3 Qd5 26. f3 b4
27. Ra1 Rab8 28. Ne4 bxc3 29. bxc3 Qb3 30. Kd2 Qb2+ 31. Ke3 Nd5+ 32. Kd3 f5
33. Qc1 fxe4+ 34. fxe4 Nf4+ 35. Ke3 Qe2# { White checkmated } 0-1

[Event "ICC tourney 2248 (120 10)"]
[Site "Internet Chess Club"]
[Date "2020.12.29"]
[Round "8"]
[White "DrBoler"]
[Black "WallyCleaver"]
[Result "1-0"]
[ICCResult "Black resigns"]
[WhiteElo "1636"]
[BlackElo "1318"]
[Opening "Queen's pawn: London system"]
[ECO "A45"]
[NIC "QP.07"]
[Time "17:29:24"]
[PlyCount "81"]
[TimeControl "7200+10"]

1. d4 Nf6 2. Bf4 g6 3. e3 Bg7 4. Nf3 O-O 5. Be2 d6 6. c4 Re8 7. Nc3 c6 8.
h3 Nbd7 9. O-O e5 10. dxe5 dxe5 11. Nxe5 Nxe5 12. Qxd8 Rxd8 13. Bxe5 Be6
14. Rfd1 Rd7 15. Rxd7 Bxd7 16. Rd1 Be6 17. b3 Ne8 18. Bxg7 Nxg7 19. Ne4 Ne8
20. Nc5 Rb8 21. Nxe6 fxe6 22. Bg4 e5 23. Kh2 b5 24. Be6+ Kh8 25. c5 Nf6 26.
Rd6 Ne4 27. Rxc6 Nxf2 28. Rc8+ Rxc8 29. Bxc8 Ne4 30. c6 Nd6 31. Ba6 b4 32.
c7 Kg7 33. c8=Q Nxc8 34. Bxc8 a5 35. Kg3 Kf6 36. Kf3 Ke7 37. Ke4 Kd6 38. g4
Kc7 39. Ba6 Kd6 40. Bc4 h6 41. Bf7 { Black resigns } 1-0

[Event "ICC tourney 2248 (120 10)"]
[Site "Internet Chess Club"]
[Date "2020.12.29"]
[Round "8"]
[White "Deveshc"]
[Black "wulovechess"]
[Result "1-0"]
[ICCResult "Black checkmated"]
[WhiteElo "1491"]
[BlackElo "1612"]
[Opening "Giuoco Pianissimo"]
[ECO "C55"]
[NIC "IG.01"]
[Time "17:29:53"]
[PlyCount "35"]
[TimeControl "7200+10"]

1. e4 e5 2. Nf3 Nc6 3. Bc4 Nf6 4. d3 Bc5 5. c3 Bb6 6. O-O d6 7. Bg5 O-O 8.
h3 h6 9. Bh4 Be6 10. Bb3 a5 11. Bc2 a4 12. d4 exd4 13. cxd4 d5 14. e5 g5
15. exf6 gxh4 16. Qd3 Bf5 17. Qxf5 Qd7 18. Qh7# { Black checkmated } 1-0

[Event "ICC tourney 2248 (120 10)"]
[Site "Internet Chess Club"]
[Date "2020.12.29"]
[Round "8"]
[White "Threehundreds"]
[Black "chessmaster0981"]
[Result "0-1"]
[ICCResult "White checkmated"]
[WhiteElo "1437"]
[BlackElo "1557"]
[Opening "French: Tarrasch, closed variation, main line"]
[ECO "C06"]
[NIC "FR.17"]
[Time "17:29:40"]
[PlyCount "120"]
[TimeControl "7200+10"]

1. e4 e6 2. d4 d5 3. Nd2 Nf6 4. e5 Nfd7 5. Bd3 c5 6. c3 Nc6 7. Ne2 cxd4 8.
cxd4 f6 9. exf6 Nxf6 10. Nf3 Bd6 11. Bg5 O-O 12. O-O Bd7 13. Bh4 Qb6 14.
Qc2 Nb4 15. Qd2 Nxd3 16. Qxd3 Ne4 17. b3 Bb5 18. Qd1 Qa6 19. Ng3 Nxg3 20.
Bxg3 Bxg3 21. hxg3 Bxf1 22. Qxf1 Qxf1+ 23. Kxf1 Rac8 24. Ne5 Rc2 25. f3
Rfc8 26. Nd3 b6 27. Re1 Kf7 28. Ne5+ Ke7 29. Nd3 Kd6 30. Kg1 R8c3 31. Rd1
Rxa2 32. Kh2 Rcc2 33. Rg1 Rd2 34. Nf4 g5 35. Nh5 Rxd4 36. Nf6 h6 37. Ng8 h5
38. Nf6 h4 39. gxh4 gxh4 40. Kh3 Rad2 41. Ra1 a5 42. Rb1 Rd1 43. Rxd1 Rxd1
44. Kxh4 d4 45. g4 d3 46. g5 d2 47. Ne4+ Ke5 48. Nxd2 Rxd2 49. Kg4 Rg2+ 50.
Kh3 Rxg5 51. Kh4 Kf4 52. Kh3 Kxf3 53. Kh4 Kf4 54. Kh3 b5 55. Kh4 a4 56.
bxa4 bxa4 57. Kh3 Rg8 58. Kh2 Kf3 59. Kh1 Kf2 60. Kh2 Rh8# { White
checkmated } 0-1

[Event "ICC tourney 2248 (120 10)"]
[Site "Internet Chess Club"]
[Date "2020.12.29"]
[Round "8"]
[White "GrandWizard"]
[Black "mnm2"]
[Result "0-1"]
[ICCResult "White checkmated"]
[WhiteElo "1806"]
[BlackElo "1510"]
[Opening "Sicilian: Alapin's variation (2.c3)"]
[ECO "B22"]
[NIC "SI.46"]
[Time "17:29:11"]
[PlyCount "98"]
[TimeControl "7200+10"]

1. e4 c5 2. c3 d5 3. exd5 Qxd5 4. Nf3 Nc6 5. Be2 e5 6. O-O Nf6 7. Bb5 e4 8.
c4 Qh5 9. Bxc6+ bxc6 10. Qe1 Be7 11. Qe3 exf3 12. Re1 Be6 13. gxf3 O-O 14.
Nc3 Bd6 15. f4 Qg4+ 16. Qg3 Bxf4 17. Qxg4 Nxg4 18. h3 Ne5 19. b3 Nf3+ 20.
Kf1 Bxh3+ 21. Ke2 Nxe1 22. Kxe1 Rfe8+ 23. Kd1 Bf5 24. d4 Bxc1 25. Rxc1 cxd4
26. Na4 Re7 27. Nc5 Rae8 28. Nd3 Bxd3 29. Kd2 Bg6 30. Rh1 Re2+ 31. Kd1 Bc2+
32. Kc1 Re1+ 33. Rxe1 Rxe1+ 34. Kxc2 h5 35. a4 h4 36. b4 h3 37. b5 h2 38.
c5 h1=Q 39. b6 axb6 40. cxb6 c5 41. a5 Qb7 42. Kd2 Ra1 43. f4 Rxa5 44. f5
Qxb6 45. f6 Ra3 46. Kc2 Qxf6 47. Kb2 Rh3 48. Kc2 Qf2+ 49. Kd1 Rh1# { White
checkmated } 0-1

[Event "ICC tourney 2248 (120 10)"]
[Site "Internet Chess Club"]
[Date "2020.12.29"]
[Round "8"]
[White "MYMChessWyatt"]
[Black "IveDoneEnough"]
[Result "0-1"]
[ICCResult "White checkmated"]
[WhiteElo "1232"]
[BlackElo "1645"]
[Opening "Sicilian: Najdorf, Opocensky variation"]
[ECO "B92"]
[NIC "SI.11"]
[Time "17:29:17"]
[PlyCount "102"]
[TimeControl "7200+10"]

1. e4 c5 2. Nf3 d6 3. d4 cxd4 4. Nxd4 Nf6 5. Nc3 a6 6. Be2 e5 7. Nb3 Be7 8.
Be3 O-O 9. g4 Be6 10. g5 Nfd7 11. Qd2 b5 12. O-O-O Nb6 13. h4 Nc4 14. Bxc4
bxc4 15. Na1 Nc6 16. Rdg1 Rb8 17. h5 g6 18. hxg6 fxg6 19. Nd5 Qd7 20. Rh6
Rf7 21. Rgh1 Bg4 22. R1h4 Bh5 23. R4xh5 gxh5 24. g6 hxg6 25. Rxg6+ Rg7 26.
Rxg7+ Kxg7 27. Bh6+ Kh7 28. Bg5 Rg8 29. f4 exf4 30. Qh2 Rxg5 31. b3 Qe6 32.
Nxf4 Qxe4 33. Nxh5 Qe1+ 34. Kb2 Qe5+ 35. Qxe5 dxe5 36. bxc4 Rxh5 37. Nb3 e4
38. a4 e3 39. Nc1 Rh2 40. Kb1 e2 41. Nxe2 Rxe2 42. Kc1 Kg6 43. Kd1 Rg2 44.
Kc1 Nd4 45. c3 Nb3+ 46. Kd1 Rd2+ 47. Ke1 Kf5 48. Kf1 Kf4 49. Kg1 Kf3 50.
Kh1 Kg3 51. Kg1 Rd1# { White checkmated } 0-1

[Event "ICC tourney 2248 (120 10)"]
[Site "Internet Chess Club"]
[Date "2020.12.29"]
[Round "8"]
[White "Cooliguess"]
[Black "vober6"]
[Result "1-0"]
[ICCResult "Black resigns"]
[WhiteElo "1750"]
[BlackElo "1876"]
[Opening "QGD: semi-Slav, Noteboom variation"]
[ECO "D31"]
[NIC "SL.06"]
[Time "17:29:10"]
[PlyCount "77"]
[TimeControl "7200+10"]

1. d4 d5 2. c4 e6 3. Nc3 c6 4. Nf3 dxc4 5. a4 Bb4 6. e4 b5 7. Be2 Nf6 8.
Bg5 h6 9. Bxf6 Qxf6 10. O-O Bxc3 11. bxc3 O-O 12. e5 Qe7 13. Nd2 Bb7 14.
Ne4 Nd7 15. Nd6 Nb6 16. axb5 cxb5 17. Nxb5 Bd5 18. Qd2 f6 19. f4 Qd7 20.
Nd6 Qc6 21. Bd1 fxe5 22. dxe5 Nd7 23. Rf2 Nc5 24. Bc2 a5 25. f5 exf5 26.
Nxf5 Qe6 27. Qxd5 Qxd5 28. Ne7+ Kh8 29. Nxd5 Rxf2 30. Kxf2 Nb3 31. Ra4 Rd8
32. Rxc4 Na1 33. Be4 Nb3 34. Ke3 g5 35. e6 a4 36. e7 Re8 37. Bg6 Rxe7+ 38.
Nxe7 a3 39. Ra4 { Black resigns } 1-0

[Event "ICC tourney 2248 (120 10)"]
[Site "Internet Chess Club"]
[Date "2020.12.29"]
[Round "8"]
[White "Nikhilp"]
[Black "chesslin"]
[Result "1-0"]
[ICCResult "Black resigns"]
[WhiteElo "1737"]
[BlackElo "1804"]
[Opening "Robatsch (modern) defense"]
[ECO "B06"]
[NIC "KF.05"]
[Time "17:29:36"]
[PlyCount "48"]
[TimeControl "7200+10"]

1. e4 g6 2. d4 Bg7 3. g3 d6 4. Bg2 Nd7 5. Ne2 Ngf6 6. O-O O-O 7. f4 Nb6 8.
c3 Nfd7 9. Be3 e5 10. Nd2 Nf6 11. h3 Re8 12. Qc2 Qe7 13. Rae1 exf4 14. gxf4
Bh6 15. Ng3 Bd7 16. c4 c5 17. d5 Kh8 18. e5 Ng8 19. exd6 Qh4 20. Nge4 f5
21. Bf2 Qd8 22. Ng5 Rf8 23. Bxc5 Bg7 24. Ne6 Qf6 { Black resigns } 1-0

[Event "ICC tourney 2248 (120 10)"]
[Site "Internet Chess Club"]
[Date "2020.12.29"]
[Round "8"]
[White "che2468"]
[Black "kirikiri007"]
[Result "1-0"]
[ICCResult "Black resigns"]
[WhiteElo "1464"]
[BlackElo "1564"]
[Opening "Queen's pawn: Chigorin variation"]
[ECO "D00"]
[NIC "QP.08"]
[Time "17:29:24"]
[PlyCount "51"]
[TimeControl "7200+10"]

1. d4 d5 2. Nc3 Nf6 3. Bf4 c6 4. e3 Bf5 5. f3 e6 6. g4 Bg6 7. h4 h6 8. Bd3
Bxd3 9. Qxd3 Bd6 10. Nge2 Bxf4 11. Nxf4 Nbd7 12. Kf2 Qc7 13. g5 Nh7 14. g6
Nhf8 15. gxf7+ Kxf7 16. h5 Ke8 17. Ng6 Rg8 18. Ne2 Nf6 19. Nef4 Qf7 20. c4
Kd7 21. cxd5 exd5 22. Qf5+ Ne6 23. Ne5+ Ke7 24. Nxf7 Nxf4 25. exf4 Kxf7 26.
Rae1 { Black resigns } 1-0

[Event "ICC tourney 2248 (120 10)"]
[Site "Internet Chess Club"]
[Date "2020.12.29"]
[Round "8"]
[White "Abror"]
[Black "ybabji"]
[Result "0-1"]
[ICCResult "White resigns"]
[WhiteElo "1635"]
[BlackElo "1854"]
[Opening "Pirc defense"]
[ECO "B07"]
[NIC "PU.08"]
[Time "17:30:02"]
[PlyCount "89"]
[TimeControl "7200+10"]

1. e4 d6 2. d4 Nf6 3. Nc3 e5 4. dxe5 dxe5 5. Qxd8+ Kxd8 6. Nf3 Bd6 7. Bg5
Be6 8. O-O-O Ke7 9. Nd5+ Bxd5 10. exd5 h6 11. Bxf6+ Kxf6 12. Nd2 Nd7 13. c4
Ke7 14. a3 Bc5 15. f3 a5 16. Re1 f5 17. Nb3 Bf2 18. Re2 Bb6 19. g4 f4 20.
Bh3 a4 21. Na1 Be3+ 22. Kb1 Nb6 23. Rd1 Kf6 24. Ka2 Rhd8 25. b3 axb3+ 26.
Kxb3 c6 27. d6 Bc5 28. Nc2 Rxd6 29. Red2 Rxd2 30. Rxd2 Bxa3 31. Nb4 Bxb4
32. Kxb4 Ra4+ 33. Kc5 Nxc4 34. Rd7 Ne3 35. g5+ hxg5 36. Rd6+ Kf7 37. Rd7+
Kg6 38. Rxb7 e4 39. Bd7 exf3 40. Be8+ Kf6 41. Kd6 Rd4+ 42. Kc5 Rd5+ 43.
Kxc6 f2 44. Rf7+ Ke5 45. Rd7 { White resigns } 0-1